 Dungeon Crawl Stone Soup version 0.23.0 (webtiles) character file.

Game seed: 7318049839955431525

140733 bmj180 the Impaler (level 16, -7/131 HPs)
             Began as a Minotaur Fighter on Feb 15, 2019.
             Was the Champion of Hepliaklqana.
             Killed from afar by a shock serpent (15 damage)
             ... with a bolt of electricity
             ... on level 2 of the Snake Pit.
             The game lasted 01:58:16 (37309 turns).

bmj180 the Impaler (Minotaur Fighter)              Turns: 37309, Time: 01:58:17

Health: -7/131     AC: 21    Str: 32    XL:     16   Next: 76%
Magic:  24/24      EV: 22    Int:  5    God:    Hepliaklqana [******]
Gold:   545        SH:  8    Dex: 18    Spells: 15/15 levels left

rFire    + . .     SeeInvis .   a - +0 trident "Zolauv" {pierce, Str+3}
rCold    + . .     Gourm    .   J - +0 buckler {rF+}
rNeg     + . .     Faith    .   S - +0 swamp dragon scales
rPois    +         Spirit   .   w - +2 hat
rElec    .         Reflect  .   z - +1 cloak
rCorr    .         Harm     .   g - +0 pair of gloves "Nent" {rC+ Dex+4}
MR       +....                  s - +2 pair of boots
Stlth    +.........             r - amulet of magic regeneration
HPRegen  0.31/turn              G - ring of positive energy
MPRegen  0.44/turn              m - +5 ring of strength

@: lethally poisoned (-7 -> -8)
A: retaliatory headbutt, reduced essence, horns 2
a: Recall Ancestor, Ancestor Identity, Transference, Idealise, Renounce Religion


You were on level 2 of the Snake Pit.
You worshipped Hepliaklqana.
Hepliaklqana was exalted by your worship.
You were not hungry.

You visited 6 branches of the dungeon, and saw 29 of its levels.

You collected 2532 gold pieces.
You spent 1987 gold pieces at shops.

Inventory:

Hand Weapons
 a - the +0 trident "Zolauv" (weapon) {pierce, Str+3}
   (You bought it in a shop on level 10 of the Dungeon)

   It inflicts extra damage upon your enemies.
   It affects your strength (+3).
 b - a +1 trident
 T - the +1 long sword of Moesm {venom, +Fly Str+4 Dex+3}
   (You bought it in a shop on level 2 of the Orcish Mines)

   It poisons the flesh of those it strikes.
   It affects your strength (+4).
   It affects your dexterity (+3).
   It lets you fly.
 X - a +4 scimitar of flaming
Missiles
 l - 14 javelins (quivered)
 O - 40 tomahawks
Armour
 f - the +6 chain mail "Cyraz" {rElec rPois rF- Dex-2}
   (You bought it in a shop on level 2 of the Orcish Mines)

   It affects your dexterity (-2).
   It makes you vulnerable to fire.
   It insulates you from electricity.
   It protects you from poison.
 g - the +0 pair of gloves "Nent" (worn) {rC+ Dex+4}
   (You found it on level 1 of the Swamp)

   It affects your dexterity (+4).
   It protects you from cold.
 s - a +2 pair of boots (worn)
 t - a +3 scale mail of magic resistance
 w - a +2 hat (worn)
 z - a +1 cloak (worn)
 J - a +0 buckler of fire resistance (worn)
 Q - a +3 plate armour
 R - +0 ice dragon scales
 S - +0 swamp dragon scales (worn)
Jewellery
 m - a +5 ring of strength (right hand)
 o - an uncursed ring of ice
 r - an amulet of magic regeneration (around neck)
 G - a ring of positive energy (left hand)
Wands
 c - a wand of clouds (4)
 q - a wand of digging (4)
 C - a wand of random effects (32)
 I - a wand of polymorph (9)
 N - a wand of acid (7)
 V - a wand of iceblast (6)
Scrolls
 h - 6 scrolls of identify
 k - 8 scrolls of remove curse
 p - 14 scrolls of teleportation
 u - 2 scrolls of fog
 v - 6 scrolls of enchant weapon
 y - 2 scrolls of enchant armour
 B - a scroll of summoning
 D - a scroll of blinking
 E - a scroll of holy word
 P - 2 scrolls of fear
Potions
 d - 4 potions of might
 i - 6 potions of curing
 j - 5 potions of flight
 n - 2 potions of berserk rage
 x - a potion of heal wounds
 F - a potion of invisibility
 H - 3 potions of haste
 K - 2 potions of agility
 L - a potion of cancellation
Miscellaneous
 U - a fan of gales
 W - a lightning rod (4/4)
Comestibles
 e - 31 rations


   Skills:
 + Level 14.2 Fighting
 + Level 17.4 Polearms
 + Level 14.3 Armour
 * Level 13.7 Dodging
 + Level 12.5 Shields
 * Level 12.3 Invocations
 + Level 4.2 Evocations


You had 15 spell levels left.
You didn't know any spells.
Your spell library contained the following spells:

 Spells                   Type           Power        Failure   Level  Hunger
 Confusing Touch          Hex            #.....       56%         1    ##.....
 Magic Dart               Conj           #...         56%         1    ##.....
 Blink                    Tloc           N/A          71%         2    ###....
 Call Imp                 Summ           #.......     71%         2    ###....
 Poisonous Vapours        Pois/Air       #.....       71%         2    ###....
 Searing Ray              Conj           #.....       71%         2    ###....
 Slow                     Hex            #.......     71%         2    ###....
 Confuse                  Hex            #.......     90%         3    ####...
 Conjure Flame            Conj/Fire      #.......     90%         3    ####...
 Dazzling Spray           Conj/Hex       #.....       90%         3    ####...
 Gell's Gravitas          Tloc           #.........   90%         3    ####...
 Mephitic Cloud           Conj/Pois/Air  #.......     90%         3    ####...
 Recall                   Summ/Tloc      N/A          90%         3    ####...
 Stone Arrow              Conj/Erth      #.....       90%         3    ####...
 Force Lance              Conj/Tloc      #.......     100%        4    #####..
 Fulminant Prism          Conj/Hex       #.........   100%        4    #####..
 Iskenderun's Mystic Bla  Conj           #.......     100%        4    #####..
 Petrify                  Tmut/Erth      #.......     100%        4    #####..
 Aura of Abjuration       Summ           #.........   100%        5    ######.
 Irradiate                Conj/Tmut      #.........   100%        5    ######.
 Metabolic Englaciation   Hex/Ice        #.........   100%        5    ######.
 Summon Demon             Summ           #.........   100%        5    ######.
 Summon Forest            Summ/Tloc      #.........   100%        5    ######.
 Summon Mana Viper        Hex/Summ       #.......     100%        5    ######.
 Yara's Violent Unravell  Hex/Tmut       #.........   100%        5    ######.
 Conjure Ball Lightning   Conj/Air       #.........   100%        6    #######
 Hydra Form               Tmut           #.........   100%        6    #######
 Shadow Creatures         Summ           N/A          100%        6    #######
 Statue Form              Tmut/Erth      #........    100%        6    #######
 Dragon Form              Tmut           #.........   100%        7    #######


Dungeon Overview and Level Annotations

Branches:
Dungeon (15/15)            Temple (1/1) D:4            Lair (6/6) D:8
  Swamp (3/4) Lair:3        Snake (2/4) Lair:2        Slime (0/5) Lair:5
    Orc (2/2) D:9             Elf (0/3) Orc:2        Vaults (0/5) D:13
 Depths (0/5) D:15

Altars:
Ashenzari
Cheibriados
Dithmenos
Elyvilon
Fedhas
Gozag
Hepliaklqana
Kikubaaqudgha
Makhleb
Nemelex Xobeh
Okawaru
Qazlal
Ru
Sif Muna
Trog
Uskayaw
Vehumet
Wu Jian
Xom
Yredelemnul
Zin
The Shining One
Jiyva

Shops:
D:7 [   D:10 (*!((   D:14 =   Orc:2 *(*=[


Innate Abilities, Weirdness & Mutations

You reflexively headbutt those who attack you in melee.
You have a pair of horns on your head.
Your life essence is reduced to manifest your ancestor. (-10% HP)


Message History

* * * LOW HITPOINT WARNING * * *
The naga spits poison at you.
The splash of poison hits you but does no damage.
You are poisoned.
You resist. The shock serpent bites you.
* * * LOW HITPOINT WARNING * * *
The shock serpent shocks you!
* * * LOW HITPOINT WARNING * * *
You miss the shock serpent.
The shock serpent is moderately wounded.
You feel sick.
Unknown command.
You impale the shock serpent!!
The shock serpent is severely wounded.
The shock serpent's electric aura discharges, shocking you!
* * * LOW HITPOINT WARNING * * *
Titus emerges from the mists of memory!
The shock serpent shoots out a bolt of lightning at you!
The bolt of electricity hits you!
You die...

#...... ..
#..... .N.
#....#.S..
##....#....
..........
##.........
#..(R......
#..@S......
#..........
#..........
#..........
.#.........
.##.........
..
#.........
..
......##..


You could see the friendly Titus the hexer, an anaconda, a shock serpent and a
naga.

Vanquished Creatures
  Nikola (Lair:3)
  A thorn hunter (Swamp:1)
  A frost giant (D:10)
  An orc warlord (Orc:1)
  Louise (D:15)
  The ghost of Taxzan the Cleaver, a journeyman MiGl of Okawaru (Lair:1)
  The ghost of Irhican the Severer, a journeyman MiBe of Trog (Lair:3)
  Snorg (Lair:5)
  Azrael (Snake:1)
  Erolcha (D:11)
  Fannar (D:9)
  3 naga warriors (Snake:1)
  An ice dragon (Orc:2)
  Josephine (D:9)
  2 vault guards (D:13)
  10 hydras
  Erica (Lair:1)
  3 catoblepae
  The ghost of dengdeng the Carver, a novice MiBe of Trog (D:10)
  2 tengu warriors
  4 centaur warriors
  A dancing weapon (Lair:3)
  3 anacondas (Snake:1)
  4 alligators
  3 death yaks (Lair:5)
  An orc high priest (Orc:2)
  2 skeletal warriors (D:15)
  An unseen horror (D:13)
  4 swamp dragons
  A wizard (D:13)
  The ghost of LeeMoriya the Basher, a novice MiBe of Trog (D:11)
  A phantasmal warrior (D:15)
  2 naga ritualists (Snake:1)
  Pikel (D:6)
  3 orc knights
  2 mana vipers (Snake:1)
  4 necromancers
  A tengu skeleton (D:15)
  4 orc sorcerers
  2 deep elf magi
  6 ugly things
  3 salamanders (Snake:1)
  4 elephants (Lair:5)
  2 manticores
  4 centaur zombies
  Maurice (D:9)
  2 guardian serpents (Snake:1)
  4 cyclopes
  4 naga magi (Snake:1)
  A torpor snail (Lair:6)
  15 black mambas
  8 spiny frogs
  6 centaur skeletons
  2 kobold demonologists
  5 komodo dragons
  A tengu conjurer (D:13)
  7 polar bears
  7 hornets
  3 meliai (Lair:5)
  5 trolls
  6 tyrant leeches
  13 blink frogs
  21 slime creatures
  3 bog bodies
  10 dream sheep
  6 hippogriffs
  3 shadows
  14 spriggans
  3 wraiths
  2 ettin skeletons (D:15)
  16 humans
  3 basilisks
  A fire elemental (Snake:1)
  27 yaks
  16 vampire mosquitoes
  2 hungry ghosts
  A steam dragon (D:13)
  2 wargs
  6 insubstantial wisps (Swamp:1)
  7 swamp worms
  7 nagas
  3 hell hounds (Snake:1)
  11 water moccasins
  9 porcupines
  A soldier ant (D:15)
  7 swamp drakes
  23 orc warriors
  2 ice beasts
  5 sky beasts
  6 black bears
  A phantom (D:11)
  An eye of draining (D:8)
  A necrophage (D:11)
  7 boggarts
  9 ogres
  10 crocodiles
  10 centaurs
  19 wolves
  5 big kobolds
  18 bullfrogs
  A wyvern zombie (D:6)
  2 scorpions
  2 wyvern skeletons
  21 killer bees
  3 howler monkeys (D:7)
  6 crimson imps
  2 bullfrog zombies
  7 hounds
  A gnoll shaman (D:6)
  11 orc priests
  3 jellies
  8 orc wizards
  2 iguanas
  12 worker ants
  4 hexers
  3 hound zombies
  3 hound skeletons
  Robin (D:1)
  A howler monkey zombie (D:7)
  2 worker ant zombies
  13 gnolls
  13 adders
  2 shadow imps
  An ooze (D:3)
  An adder zombie (D:4)
  3 adder skeletons
  6 worms
  3 dart slugs
  5 leopard geckos
  53 orcs
  5 ball pythons
  14 bats
  10 giant cockroaches
  12 goblins
  14 hobgoblins
  22 jackals
  3 quokkas
  5 frilled lizards
  30 kobolds
  A leopard gecko skeleton (D:6)
  A leopard gecko zombie (D:9)
  8 rats
  A briar patch (Swamp:1)
808 creatures vanquished.

Vanquished Creatures (collateral kills)
  A naga warrior (Snake:2)
  A tengu warrior (D:13)
  A shock serpent (Snake:1)
  2 orc knights
  A manticore (D:13)
  An ugly thing (D:11)
  2 black mambas
  A spiny frog (Lair:4)
  A komodo dragon (Lair:2)
  A queen bee (Lair:5)
  2 trolls
  A polar bear (Lair:4)
  2 hornets
  A tyrant leech (Swamp:3)
  A blink frog (Lair:5)
  2 dream sheep (Lair:5)
  3 hippogriffs
  A bog body (Swamp:3)
  2 slime creatures
  2 wraiths (D:9)
  3 yaks
  3 spriggans
  3 humans (D:13)
  A fire elemental (Snake:1)
  A vampire mosquito (Swamp:1)
  A warg (Orc:2)
  A porcupine (Lair:2)
  2 water moccasins
  A swamp drake (Swamp:2)
  5 orc warriors
  2 ogres
  A slave (D:6)
  A boggart (D:13)
  4 wolves (Lair:6)
  2 crocodiles
  A centaur (D:13)
  2 big kobolds (D:9)
  2 bullfrogs
  A wyvern skeleton (D:12)
  A scorpion (D:8)
  6 killer bees
  2 hounds (D:6)
  A centaur skeleton (D:6)
  An iguana (D:5)
  A worker ant (D:5)
  3 adders
  2 gnolls
  A shadow imp (D:7)
  An adder skeleton (D:7)
  5 orcs
  A giant cockroach (D:7)
  2 jackals
  A jackal skeleton (D:5)
  6 kobolds
  A quokka zombie (D:8)
  A fungus (Lair:6)
102 creatures vanquished.

Vanquished Creatures (others)
  A slime creature (Swamp:3)
  An orc warrior (Orc:2)
  33 hexers
  A bullfrog zombie (D:7)
  3 ancestors
  3 orcs (D:9)
  3 fungi
  9 plants
  5 toadstools (Swamp:1)
  2 withered plants (D:15)
61 creatures vanquished.

Grand Total: 971 creatures vanquished

Notes
Turn   | Place    | Note
-------+----------+-------------------------------------------
     0 | D:1      | bmj180 the Minotaur Fighter began the quest for the Orb.
     0 | D:1      | Reached XP level 1. HP: 19/19 MP: 0/0
    75 | D:1      | Reached XP level 2. HP: 25/27 MP: 1/1
    99 | D:1      | Reached skill level 3 in Polearms
   424 | D:1      | Reached XP level 3. HP: 33/33 MP: 2/2
   476 | D:1      | Reached skill level 1 in Dodging
   701 | D:2      | Reached skill level 4 in Polearms
   701 | D:2      | Reached XP level 4. HP: 35/40 MP: 3/3
   768 | D:2      | Noticed Robin
  1024 | D:1      | Killed Robin
  1344 | D:2      | Reached XP level 5. HP: 46/46 MP: 4/4
  1447 | D:2      | Found a basalt altar of Yredelemnul.
  1448 | D:2      | Found a stormy altar of Qazlal.
  1448 | D:2      | Found a snail-covered altar of Cheibriados.
  1449 | D:2      | Found a burning altar of Makhleb.
  1449 | D:2      | Found an opulent altar of Gozag.
  1728 | D:3      | Reached skill level 5 in Polearms
  2662 | D:4      | Reached XP level 6. HP: 52/52 MP: 5/5
  3103 | D:4      | Found a staircase to the Ecumenical Temple.
  3112 | Temple   | Entered the Ecumenical Temple
  3326 | Temple   | Became a worshipper of Hepliaklqana the Forgotten
  3638 | D:5      | Entered Level 5 of the Dungeon
  3680 | D:5      | Reached skill level 6 in Polearms
  3713 | D:5      | Reached skill level 5 in Armour
  3713 | D:5      | Reached skill level 1 in Invocations
  3713 | D:5      | Reached XP level 7. HP: 30/53 MP: 6/6
  4057 | D:5      | Reached skill level 5 in Shields
  4076 | D:5      | Got an iridescent falchion
  4077 | D:5      | Identified the +6 falchion of Insufficient Pleasure
                  | {protect, rN+} (You found it on level 5 of the Dungeon)
  4498 | D:6      | Reached skill level 7 in Polearms
  4614 | D:6      | Found a deep blue altar of Sif Muna.
  4768 | D:6      | Reached * piety under Hepliaklqana
  4790 | D:6      | Noticed Pikel
  4813 | D:6      | Killed Pikel
  4813 | D:6      | Reached skill level 8 in Polearms
  4813 | D:6      | Reached XP level 8. HP: 54/60 MP: 8/8
  4961 | D:6      | Reached skill level 9 in Polearms
  5363 | D:6      | Reached XP level 9. HP: 65/65 MP: 10/10
  5507 | D:7      | Reached skill level 5 in Fighting
  5512 | D:7      | Reached skill level 10 in Polearms
  5536 | D:7      | Found a radiant altar of Vehumet.
  5630 | D:7      | Found Josieda's Antique Armour Shoppe.
  5639 | D:7      | Bought a runed buckler for 172 gold pieces
  5639 | D:7      | Bought a pair of gloves for 103 gold pieces
  5717 | D:7      | Reached skill level 5 in Dodging
  6192 | D:8      | Reached ** piety under Hepliaklqana
  6193 | D:8      | Remembered your ancestor Titus as a hexer
  6294 | D:7      | Reached skill level 11 in Polearms
  6493 | D:8      | Found a staircase to the Lair.
  6889 | D:8      | Reached XP level 10. HP: 74/74 MP: 12/12
  7108 | D:8      | Reached skill level 12 in Polearms
  7568 | D:9      | Noticed Maurice
  7863 | D:9      | Killed Maurice
  8060 | D:9      | Found a staircase to the Orcish Mines.
  8397 | D:9      | Found an iron altar of Okawaru.
  8579 | D:10     | Entered Level 10 of the Dungeon
  8579 | D:10     | Found Suuffeoreicw's Weapon Emporium.
  8580 | D:10     | Reached *** piety under Hepliaklqana
  8630 | D:10     | Reached skill level 5 in Invocations
  8636 | D:10     | Found Aqax Roq's Assorted Antiques.
  8636 | D:10     | Found Linwu's Distillery.
  8661 | D:10     | Reached skill level 13 in Polearms
  8685 | D:10     | Bought an encrusted trident for 195 gold pieces
  8685 | D:10     | Found Tuoraud's Antique Weapon Boutique.
  8693 | D:10     | Identified the cursed +0 trident "Zolauv" {pierce, Str+3}
                  | (You bought it in a shop on level 10 of the Dungeon)
  8740 | D:10     | Found Rioklan's Weapon Emporium.
  8799 | D:10     | Noticed a deep elf mage
  8805 | D:10     | Killed a deep elf mage
  8978 | D:10     | Found a runed translucent door.
  8979 | D:10     | Noticed dengdeng's ghost (novice MiBe)
  8979 | D:10     | Noticed a frost giant
  9176 | D:11     | Reached XP level 11. HP: 81/81 MP: 14/14
  9177 | D:11     | Reached XP level 12. HP: 90/90 MP: 14/16
  9527 | D:11     | Found a runed translucent gate.
  9527 | D:11     | Found a runed translucent gate.
  9527 | D:11     | Found a runed translucent gate.
  9527 | D:11     | Noticed an 11-headed hydra
  9528 | D:11     | Noticed LeeMoriya's ghost (novice MiBe)
  9529 | D:11     | Noticed an 11-headed hydra
  9549 | D:11     | Noticed Erolcha
  9569 | D:11     | Killed Erolcha
  9569 | D:11     | Reached skill level 14 in Polearms
  9947 | D:11     | Reached **** piety under Hepliaklqana
 10471 | Lair:1   | Entered Level 1 of the Lair of Beasts
 10471 | Lair:1   | Noticed Taxzan's ghost (journeyman MiGl)
 10482 | Lair:1   | Found a runed translucent door.
 10932 | Lair:1   | Noticed Erica
 10952 | Lair:1   | Killed Erica
 11842 | Lair:2   | Found a staircase to the Snake Pit.
 11867 | Lair:2   | Noticed a catoblepas
 11888 | Lair:2   | Killed a catoblepas
 12395 | Lair:2   | Reached skill level 10 in Armour
 13230 | Lair:3   | Found a staircase to the Swamp.
 13299 | Lair:3   | Found a runed translucent door.
 13301 | Lair:3   | Found a shimmering altar of Xom.
 13301 | Lair:3   | Noticed Irhican's ghost (journeyman MiBe)
 13307 | Lair:3   | Reached ***** piety under Hepliaklqana
 13417 | Lair:3   | Noticed a +2 quick blade of chaos
 13542 | Lair:3   | Noticed an eight-headed hydra
 13550 | Lair:3   | Killed an eight-headed hydra
 13865 | Lair:4   | Noticed a catoblepas
 13876 | Lair:4   | Killed a catoblepas
 13971 | Lair:4   | Reached XP level 13. HP: 90/99 MP: 18/18
 14781 | Lair:5   | Noticed Snorg
 14783 | Lair:5   | Found a staircase to the Slime Pits.
 14786 | Lair:5   | Found a viscous altar of Jiyva.
 15227 | Lair:5   | Reached skill level 15 in Polearms
 15798 | Lair:5   | Killed Snorg
 16185 | Lair:5   | Reached skill level 10 in Dodging
 16645 | Lair:6   | Entered Level 6 of the Lair of Beasts
 16951 | Lair:6   | Reached skill level 10 in Fighting
 17262 | Lair:6   | Reached ****** piety under Hepliaklqana
 17784 | Lair:6   | Reached XP level 14. HP: 102/109 MP: 20/20
 18764 | D:10     | Killed a frost giant
 18785 | D:10     | Killed dengdeng's ghost
 18788 | D:10     | Identified Ticoin's Papyrus of the Rocks and Feathers
 19694 | D:11     | Killed LeeMoriya's ghost
 20101 | D:12     | Reached skill level 10 in Invocations
 20244 | D:12     | Reached skill level 10 in Shields
 21670 | D:13     | Reached skill level 16 in Polearms
 23295 | D:13     | Found a gate to the Vaults.
 23342 | D:13     | Reached XP level 15. HP: 83/118 MP: 21/21
 23912 | D:14     | Found Heahoa's Jewellery Shop.
 23915 | D:14     | Bought a +5 ring of strength for 576 gold pieces
 25046 | D:15     | Entered Level 15 of the Dungeon
 25052 | D:15     | Got an ivory dagger
 25759 | D:15     | Noticed Louise
 25760 | D:15     | Found a staircase to the Depths.
 26013 | D:15     | Killed Louise
 26812 | D:11     | Identified the +5 dagger of the Priest {chaos, rF+ MR-
                  | Str+4} (You found it on level 15 of the Dungeon)
 26888 | Orc:1    | Entered Level 1 of the Orcish Mines
 26888 | Orc:1    | Noticed Fannar
 26892 | Orc:1    | Noticed Josephine
 27010 | D:9      | Killed Josephine
 27187 | D:9      | Killed Fannar
 27616 | Orc:2    | Entered Level 2 of the Orcish Mines
 27620 | Orc:2    | Noticed an orc warlord
 27908 | Orc:1    | Killed an orc warlord
 27988 | Orc:2    | Found Siekk's Antique Weapon Shop.
 28079 | Orc:2    | Found Lidinn's General Store.
 28087 | Orc:2    | HP: 6/120 [orc warrior/+0 flail (22)]
 28568 | Orc:2    | Found Sumuis's Antique Armour Shoppe.
 28646 | Orc:2    | Found Saicav's Jewellery Shop.
 28776 | Orc:2    | Found Loaga's Assorted Antiques.
 28836 | Orc:2    | Found a staircase to the Elven Halls.
 29997 | Orc:2    | Bought a smoking chain mail for 294 gold pieces
 30008 | Orc:2    | Identified the +6 chain mail "Cyraz" {rElec rPois rF-
                  | Dex-2} (You bought it in a shop on level 2 of the Orcish
                  | Mines)
 30060 | Orc:2    | Bought an embroidered scarf for 216 gold pieces
 30060 | Orc:2    | Bought a warped long sword for 229 gold pieces
 30060 | Orc:2    | Bought a pair of embroidered boots for 202 gold pieces
 30204 | D:11     | Identified the cursed +1 long sword of Moesm {venom, +Fly
                  | Str+4 Dex+3} (You bought it in a shop on level 2 of the
                  | Orcish Mines)
 30339 | Swamp:1  | Entered Level 1 of the Swamp
 30339 | Swamp:1  | Noticed Nikola
 30370 | Lair:3   | Killed Nikola
 31158 | Swamp:1  | Noticed a thorn hunter
 31179 | Swamp:1  | Killed a thorn hunter
 31451 | Swamp:1  | Got a pair of warped gloves
 31479 | Swamp:1  | Identified the cursed +0 pair of gloves "Nent" {rC+ Dex+4}
                  | (You found it on level 1 of the Swamp)
 31902 | Swamp:2  | Reached XP level 16. HP: 128/128 MP: 23/23
 33568 | Swamp:3  | Reached skill level 17 in Polearms
 34850 | Lair:1   | Killed Taxzan's ghost
 34950 | Lair:3   | Killed Irhican's ghost
 35208 | Snake:1  | Entered Level 1 of the Snake Pit
 35810 | Snake:1  | Noticed Azrael
 35827 | Snake:1  | Killed Azrael
 37309 | Snake:2  | Killed from afar by a shock serpent

Skill      XL: |  1  2  3  4  5  6  7  8  9 10 11 12 13 14 15 16 |
---------------+-------------------------------------------------+-----
Polearms       | 3 4 5 6 8 9 11 13 14 15 16 17 | 17.4
Armour         | 4 5 6 7 8 10 12 13 14 | 14.3
Dodging        | 1 2 4 5 6 8 9 10 11 12 13 | 13.7
Shields        | 4 5 6 7 8 9 10 11 12 | 12.5
Fighting       | 4 5 6 7 9 10 12 13 14 | 14.2
Invocations    | 1 2 3 4 5 6 8 9 10 11 12 | 12.3
Evocations     | 3 4 |  4.2

Action                   |  1- 3 |  4- 6 |  7- 9 | 10-12 | 13-15 | 16-18 || total
-------------------------+-------+-------+-------+-------+-------+-------++-------
Melee: Trident           |    93 |   310 |   342 |   586 |  2022 |   509 ||  3862
       Headbutt          |     8 |    47 |    66 |   125 |   456 |   111 ||   813
Invok: Ancestor Life: He |       |       |     1 |       |       |       ||     1
       Recall Ancestor   |       |       |       |       |     4 |       ||     4
Evoke: Wand              |       |       |       |     2 |    10 |       ||    12
  Use: Scroll            |       |       |    11 |    18 |    11 |     2 ||    42
       Potion            |       |       |       |     2 |     5 |     1 ||     8
 Stab: Distracted        |       |       |     3 |     1 |    15 |    13 ||    32
       Confused          |       |       |       |     5 |    16 |     5 ||    26
       Petrified         |       |       |       |       |     5 |       ||     5
       Paralysed         |       |       |       |       |    15 |    22 ||    37
  Eat: Chunk             |       |     9 |     6 |    10 |    25 |     1 ||    51
       Ration            |       |       |     2 |     4 |    10 |     5 ||    21
Armor: Scale mail        |    42 |   125 |     2 |       |   207 |       ||   376
       Chain mail        |       |       |   101 |   122 |   310 |    51 ||   584
       Swamp dragon scal |       |       |       |       |       |    59 ||    59
Dodge: Dodged            |    20 |   120 |    65 |   129 |   743 |   221 ||  1298
Block: Shield            |    38 |   181 |    74 |       |       |       ||   293
       Buckler           |       |       |    17 |    73 |   379 |   123 ||   592
